 Dungeon Crawl Stone Soup version 0.28.0-53-g5a82cb258f (webtiles) character file.

Game seed: 11847191512533541999

61 Peloso the Covered (level 3, 0/34 HPs)
             Began as a Minotaur Fighter on July 12, 2022.
             Slain by Sigmund
             ... wielding a +0 scythe
              (10 damage)
             ... on level 2 of the Dungeon.
             The game lasted 00:02:07 (1361 turns).

Peloso the Covered (Minotaur Fighter)               Turns: 1361, Time: 00:02:07

Health: 0/34       AC:  7    Str: 20    XL:     3   Next: 83%
Magic:  2/2        EV:  9    Int:  5    God:
Gold:   38         SH:  4    Dex: 11    Spells: 2/2 levels left

rFire   . . .      SeeInvis .   a - +0 long sword
rCold   . . .      Faith    .   c - +0 buckler
rNeg    + . .      Spirit   .   b - +0 scale mail
rPois   .          Reflect  .   (helmet restricted)
rElec   .          Harm     .   (no cloak)
rCorr   .          Rampage  .   (no gloves)
Will    .....                   (no boots)
Stlth   ..........              (no amulet)
HPRegen 0.11/turn               f - ring of positive energy
MPRegen 0.08/turn               (no ring)

@: no status effects
A: horns 2, retaliatory headbutt
a: no special abilities


You were on level 2 of the Dungeon.
You visited 1 branch of the dungeon, and saw 2 of its levels.

You collected 38 gold pieces.

Inventory:

Hand Weapons
 a - a +0 long sword (weapon)
Armour
 b - a +0 scale mail (worn)
 c - a +0 buckler (worn)
Jewellery
 f - a ring of positive energy (left hand)
Scrolls
 e - 2 scrolls of identify
 i - a scroll of enchant armour {unknown}
Potions
 d - a potion of might
 g - a potion of resistance
 h - 2 potions of curing


   Skills:
 + Level 4.4 Fighting
 + Level 2.9 Long Blades
 + Level 4.6 Armour
 + Level 0.3 Dodging
 + Level 3.9 Shields


You had 2 spell levels left.
You didn't know any spells.
Your spell library was empty.

Dungeon Overview and Level Annotations

Branches:
Dungeon (2/15)

Altars:

Annotations:
D:2 Sigmund


Innate Abilities, Weirdness & Mutations

You have a pair of horns on your head.
You reflexively headbutt those who attack you in melee.


Message History

You slash the goblin!
You kill the goblin!
An adder comes into view.
The adder hisses angrily.
You see here a +0 club.
An adder is nearby!
An adder is nearby!
The adder bites you but does no damage.
You hit the adder. Your headbutt misses the adder.
The adder is heavily wounded.
The adder completely misses you.
You closely miss the adder.
The adder is heavily wounded.
The adder bites you but does no damage. The adder barely misses you.
You furiously retaliate!
You headbutt the adder, but do no damage.
You slash the adder!
You kill the adder!
h - 2 potions of curing (gained 1)
You open the door.
There is an open door here.
There is a stone staircase leading up here.
You open the door.
Sigmund the Dreaded comes into view.
He is wielding a +0 scythe.
Sigmund shouts!
Sigmund is nearby!
Sigmund is nearby!
Sigmund hits you with a +0 scythe!
There is an open door here.
You barely miss Sigmund. Sigmund hits you with a +0 scythe!
You slash Sigmund! You headbutt Sigmund.
Sigmund is heavily wounded.
You closely miss Sigmund.
Sigmund is heavily wounded.
Sigmund hits you with a +0 scythe!
* * * LOW HITPOINT WARNING * * *
You hit Sigmund.
Sigmund is heavily wounded.
Sigmund hits you with a +0 scythe!
You die...

#....#.#.#.................#'
#..(...)..##.## ########.....
#....#.#.## .# #.....
#....<....##+##### #.....
#....#.#.##......# #.....
#####.....#......# #..)..
##.#.##......# #.....
#............# #.....
##.#.#.#@##### ###'##
#......#@# #.# ##.#.###.# #.#
#..... #.# #<# ##.#.# #.# ###
#..... #.. ## #. #.. #..


You could see Sigmund.

Vanquished Creatures
  2 adders (D:2)
  A worm (D:2)
  2 dart slugs
  3 endoplasms
  3 giant cockroaches (D:1)
  7 kobolds
  5 quokkas
  3 ball pythons
  2 bats (D:1)
  2 frilled lizards (D:1)
  4 goblins
  2 rats (D:1)
36 creatures vanquished.

Notes
Turn   | Place    | Note
-------+----------+-------------------------------------------
     0 | D:1      | Peloso the Minotaur Fighter began the quest for the Orb.
     0 | D:1      | Reached XP level 1. HP: 19/19 MP: 0/0
   160 | D:1      | Reached XP level 2. HP: 25/27 MP: 1/1
   889 | D:2      | Reached XP level 3. HP: 30/33 MP: 2/2
  1196 | D:2      | Found a faded altar of an unknown god.
  1356 | D:2      | Noticed Sigmund
  1361 | D:2      | Slain by Sigmund

Illustrated notes

Levels and vault maps discovered:
D:1:      dpeg_arrival_three_bigger_balls, layout_basic,
          amcnicky_mini_rare_corridor_liquid
D:2:      cheibrodos_greedy_goblins, layout_basic, basic_ecumenical_altar,
          basic_altar, st_stairs_13, uniq_sigmund

Skill      XL: |  1  2 |
---------------+-------+-----
Armour         | 4 |  4.6
Fighting       | 4 |  4.4
Long Blades    | |  2.9
Dodging        | |  0.3
Shields        | |  3.9

Action                   || total
-------------------------++-------
Melee: Long sword        ||    77
       Headbutt          ||    11
  Use: Scroll            ||     2
Armor: Scale mail        ||    35
Dodge: Dodged            ||    46
Block: Buckler           ||    16
